 Dungeon Crawl Stone Soup version 0.31-a0-187-gba352fbbf7 (webtiles) character file.

Game seed: 13000401459516838386

573 qw the Skirmisher (level 7, -1/40 HPs)
             Began as a Deep Elf Hunter on June 22, 2023.
             Succumbed to a scorpion's poison
             ... on level 5 of the Dungeon.
             The game lasted 00:01:24 (2959 turns).

qw the Skirmisher (Deep Elf Hunter)                 Turns: 2959, Time: 00:01:25

Health: -1/40      AC:  7    Str: 10    XL:     7   Next: 12%
Magic:  9/9        EV: 11    Int: 14    God:
Gold:   213        SH:  0    Dex: 18    Spells: 6/6 levels left

rFire   . . .        Y - +2 shortbow
rCold   . . .        (shield currently unavailable)
rNeg    . . .        d - +2 ring mail
rPois   .            (no helmet)
rElec   .            (no cloak)
rCorr   .            (no gloves)
SInv    .            (no boots)
Will    .....        (no amulet)
Stlth   +            (no ring)
HPRegen 0.26/turn    (no ring)
MPRegen 0.11/turn

%: no passive effects
@: lethally poisoned (-1 -> -10), about to teleport
A: no striking features
a: no special abilities


You were on level 5 of the Dungeon.
You visited 1 branch of the dungeon, and saw 5 of its levels.

You collected 213 gold pieces.


   Skills:
 - Level 2.5 Fighting
 + Level 10.5 Ranged Weapons
 - Level 3.3 Dodging
 - Level 1.2 Stealth


You had 6 spell levels left.
You didn't know any spells.
Your spell library was empty.

Inventory:

Hand Weapons
 Y - a +2 shortbow (weapon)
Armour
 d - a +2 ring mail (worn)
Potions
 a - a potion of curing
 b - a potion of invisibility {unknown}
 c - a potion of degeneration {unknown}
 i - a potion of brilliance {unknown}

Dungeon Overview and Level Annotations

Branches:
Dungeon (5/15)
 Temple: D:4-7

Altars:
Nemelex Xobeh

Shops:
D:2 (

Annotations:
D:4 Ijyb


Message History

The scorpion stings you.
You are poisoned.
The scorpion poisons you! The scorpion misses you.
The scorpion closely misses you.
The scorpion stings you but does no damage.
You shoot an arrow. The arrow hits the scorpion!
You kill the scorpion!
You feel very sick. The scorpion barely misses you.
You shoot an arrow.
The arrow completely misses the scorpion.
You feel sick. The scorpion misses you.
You shoot an arrow.
The arrow completely misses the scorpion.
You feel very sick. The scorpion barely misses you. The scorpion misses you.
You shoot an arrow. The arrow hits the scorpion!
The scorpion is heavily wounded.
You feel sick.
The scorpion stings you but does no damage.
You shoot an arrow. The arrow barely misses the scorpion.
You feel sick. The scorpion stings you.
You shoot an arrow. The arrow barely misses the scorpion.
You feel sick. The scorpion barely misses you.
You shoot an arrow. The arrow barely misses the scorpion.
You feel sick.
The scorpion stings you but does no damage.
You shoot an arrow. The arrow hits the scorpion.
The scorpion is severely wounded.
You feel sick. The scorpion stings you. x2
You are lethally poisoned!
The scorpion poisons you!
2958 ||| READING scroll of teleportation.
As you read the scroll of teleportation, it crumbles to dust.
You feel strangely unstable.
You feel sick. The scorpion stings you.
You shoot an arrow.
The arrow hits the scorpion but does no damage.
The scorpion is heavily wounded.
You die...

###.# #.>.###
## #.....## .#
#...#^.# #^# #
##..##^# ^.
#[##..##%## #.#
#....<##.%##..#
####.####%%#s##
#.....###^@^.#
#.#.#.# #.^..#
.....#.#
##P...^.
#.#.###.#
##....##
#..#...<.#
...... #.
#.##### .PP....
# #......
#^^..#


You could see a scorpion.

Vanquished Creatures
  An ogre (D:4)
  Blork the orc (D:4)
  3 scorpions (D:5)
  A hound (D:4)
  An iguana (D:4)
  An orc wizard (D:4)
  2 gnolls (D:4)
  6 adders
  3 worms
  3 dart slugs
  4 orcs (D:4)
  7 endoplasms
  4 giant cockroaches
  8 hobgoblins
  2 jackals (D:1)
  9 quokkas
  2 ball pythons
  9 bats
  5 frilled lizards
  4 goblins
  6 kobolds
  10 rats
92 creatures vanquished.

Notes
Turn   | Place    | Note
-------+----------+-------------------------------------------
     0 | D:1      | qw the Deep Elf Hunter began the quest for the Orb.
     0 | D:1      | Reached XP level 1. HP: 12/12 MP: 3/3
     0 | D:1      | 0 ||| qw: Version: 0.3-a-9-g12657ce
     0 | D:1      | 0 ||| qw: Game counter: 2523
     0 | D:1      | 0 ||| qw: Always use a shield: true
     0 | D:1      | 0 ||| qw: God list: Okawaru
     0 | D:1      | 0 ||| qw: Allow faded altars: false
     0 | D:1      | 0 ||| qw: Do Orc after D:15 true
     0 | D:1      | 0 ||| qw: Do second Lair branch before Depths: true
     0 | D:1      | 0 ||| qw: Lair rune preference: random
     0 | D:1      | 0 ||| qw: Plans: Normal
     0 | D:1      | 0 ||| PLANNING D:1-11
    34 | D:1      | Found a faded altar of an unknown god.
   211 | D:1      | Reached XP level 2. HP: 16/16 MP: 4/4
   217 | D:1      | Reached skill level 6 in Ranged Weapons
   609 | D:1      | 609 ||| READING scroll labelled UROYPR BULER.
   614 | D:1      | 614 ||| READING scroll labelled YGIHEL TIECEAWN.
   615 | D:1      | 615 ||| DROPPING scroll of butterflies.
   622 | D:2      | Found Veingin's Antique Weapon Emporium.
   679 | D:2      | 679 ||| FLEEEEING.
   680 | D:2      | 680 ||| FLEEEEING.
   682 | D:2      | 682 ||| STAIRDANCE
   715 | D:2      | 715 ||| STAIRDANCE
   761 | D:2      | Reached XP level 3. HP: 20/20 MP: 5/5
   814 | D:2      | 814 ||| FLEEEEING.
   815 | D:2      | 815 ||| FLEEEEING.
   821 | D:2      | 821 ||| FLEEEEING.
   822 | D:2      | 822 ||| STAIRDANCE
   972 | D:2      | Reached skill level 7 in Ranged Weapons
  1074 | D:2      | Found a sparkling altar of Nemelex Xobeh.
  1340 | D:2      | Reached XP level 4. HP: 17/25 MP: 6/6
  1776 | D:3      | 1776 ||| UPGRADING to +0 ring mail.
  1786 | D:3      | 1786 ||| DROPPING +0 leather armour.
  1787 | D:3      | 1787 ||| READING scroll labelled UNODATHRYMP.
  1826 | D:4      | HP: 5/25 [something/magic dart (10)]
  1827 | D:4      | Reached skill level 8 in Ranged Weapons
  1830 | D:4      | Reached XP level 5. HP: 4/29 MP: 7/7
  1956 | D:4      | Noticed an ogre
  1965 | D:4      | Killed an ogre
  1966 | D:4      | Reached skill level 9 in Ranged Weapons
  1968 | D:4      | 1968 ||| FLEEEEING.
  1969 | D:4      | 1969 ||| FLEEEEING.
  1971 | D:4      | 1971 ||| FLEEEEING.
  1972 | D:4      | 1972 ||| FLEEEEING.
  1973 | D:4      | 1973 ||| FLEEEEING.
  2037 | D:4      | Noticed Blork the orc
  2047 | D:4      | Killed Blork the orc
  2048 | D:4      | Reached XP level 6. HP: 33/36 MP: 8/8
  2139 | D:4      | 2139 ||| READING scroll of enchant weapon.
  2139 | D:4      | 2139 ||| ENCHANTING +1 shortbow.
  2162 | D:4      | 2162 ||| Stepping ~*~*~tactically~*~*~ (outnumbered).
  2383 | D:4      | Noticed Ijyb
  2421 | D:4      | HP: 9/36 [Ijyb/+0 dagger (1)]
  2422 | D:4      | 2422 ||| READING scroll of teleportation.
  2861 | D:4      | 2861 ||| READING 2 scrolls labelled FIGROK BUONGE.
  2862 | D:4      | 2862 ||| READING scroll labelled JEUMNIMIJI.
  2863 | D:4      | 2863 ||| READING 3 scrolls labelled SAXTOO WUUGO.
  2864 | D:4      | 2864 ||| READING 2 scrolls of enchant armour.
  2864 | D:4      | 2864 ||| ENCHANTING +0 ring mail.
  2865 | D:4      | 2865 ||| READING scroll of enchant armour.
  2865 | D:4      | 2865 ||| ENCHANTING +1 ring mail.
  2866 | D:4      | 2866 ||| DRINKING 2 ruby potions.
  2867 | D:4      | 2867 ||| DROPPING scroll of immolation.
  2882 | D:5      | Entered Level 5 of the Dungeon
  2883 | D:5      | 2883 ||| PLANNING SEWER
  2903 | D:5      | Reached skill level 10 in Ranged Weapons
  2908 | D:5      | Reached skill level 3 in Dodging
  2933 | D:5      | Reached XP level 7. HP: 39/40 MP: 9/9
  2957 | D:5      | HP: 9/40 [scorpion (6)]
  2958 | D:5      | 2958 ||| READING scroll of teleportation.
  2958 | D:5      | HP: 1/40 [scorpion (6)]
  2959 | D:5      | Succumbed to a scorpion's poison

Levels and vault maps discovered:
D:1:      dpeg_arrival_ratfight, layout_basic, shapermc_ecumenical_altar_gd
D:2:      layout_basic, basic_altar, serial_shops, nicolae_shop_hallway_stairs
D:3:      layout_rooms
D:4:      wad_woods_tower, layout_basic, uniq_blork_the_orc, uniq_ijyb
D:5:      old_forge, layout_loops_corners, mainiacjoe_overflow_six_doors_small,
          mainiacjoe_overflow_paths, minmay_temple_entry_metal_lava,
          portal_sewer_entry_b, nicolae_shop_unique_rings

Skill      XL: |  1  2  3  4  5  6 |
---------------+-------------------+-----
Ranged Weapons | 6 7 8 9 10 | 10.5
Fighting       | 2 |  2.5
Dodging        | 3 |  3.3
Stealth        | |  1.2

Action                     |  1- 3 |  4- 6 |  7- 9 || total
---------------------------+-------+-------+-------++-------
  Melee: Unarmed           |       |    19 |       ||    19
   Fire: Shortbow          |   127 |   161 |    23 ||   311
    Use: Scroll            |     2 |     8 |     1 ||    11
         Potion            |       |     1 |       ||     1
 Armour: Leather armour    |     9 |       |       ||     9
         Ring mail         |       |    28 |    12 ||    40
  Dodge: Dodged            |    25 |    60 |    18 ||   103

Table legend:
 A = Non-vault XP
 B = Vault XP
 C = Vault XP percentage of total XP
 D = Non-vault monster count
 E = Vault monster count
 F = Vault count percentage of total count
                 A         B        C        D         E       F
            +---------+---------+-------+---------+---------+-------
      Total |     409 |     410 |  50.1 |      70 |      22 |  23.9
            +---------+---------+-------+---------+---------+-------
        D:1 |      26 |       5 |  16.1 |      17 |       5 |  22.7
        D:2 |      70 |       0 |   0.0 |      23 |       0 |   0.0
        D:3 |      28 |       0 |   0.0 |      13 |       0 |   0.0
        D:4 |     285 |     127 |  30.8 |      17 |       7 |  29.2
        D:5 |       0 |     278 | 100.0 |       0 |      10 | 100.0
            +---------+---------+-------+---------+---------+-------
